 Dungeon Crawl Stone Soup version 0.26.0-18-gc5c842f807 (webtiles) character file.

Game seed: 14731811887367605430

26287 snetch the Severer (level 12, -4/112 HPs)
             Began as a Minotaur Berserker on Jan 22, 2021.
             Was the Champion of Trog.
             Slain by an alligator snapping turtle (glowing shapeshifter) (32 damage)
             ... in a Gauntlet.
             The game lasted 00:43:11 (13275 turns).

snetch the Severer (Minotaur Berserker)            Turns: 13275, Time: 00:43:11

Health: -4/112     AC: 20    Str: 27    XL:     12   Next: 97%
Magic:  11/11      EV:  9    Int:  4    God:    Trog [******]
Gold:   540        SH:  0    Dex: 10    Spells: 11/11 levels left

rFire    . . .     SeeInvis .   a - +7 executioner's axe (vorpal)
rCold    + . .     Faith    .   (shield currently unavailable)
rNeg     . . .     Spirit   .   z - +0 plate armour
rPois    .         Reflect  .   (helmet restricted)
rElec    .         Harm     .   (no cloak)
rCorr    .         Rampage  .   h - +0 pair of gloves
Will     ++...     NoTele   +   (no boots)
Stlth    ..........             (no amulet)
HPRegen  1.28/turn              l - ring of protection from cold
MPRegen  0.12/turn              B - +4 ring of protection

@: berserk cooldown, regenerating, slowed, very slow
A: retaliatory headbutt, horns 2
a: Renounce Religion, Berserk, Trog's Hand, Brothers in Arms


You were in a Gauntlet.
You worshipped Trog.
Trog was exalted by your worship.
You visited 3 branches of the dungeon, and saw 16 of its levels.
You also visited: Gauntlet.

You collected 540 gold pieces.

Inventory:

Hand Weapons
 a - a +7 vorpal executioner's axe (weapon)
 b - a +2 broad axe of flaming
 c - a +4 antimagic spear
Missiles
 n - 16 sling bullets
 u - 4 boomerangs
 x - 66 poisoned darts (quivered)
 T - 327 stones
Armour
 e - a +0 ring mail
 h - a +0 pair of gloves (worn)
 q - the cursed +0 pair of boots of Pleasant Breezes {rElec Regen+, unknown}
   (You found it in a Gauntlet)

   It insulates you from electricity.
   It increases your rate of regeneration.
   It has a curse placed upon it.
 z - a +0 plate armour (worn)
Jewellery
 d - a +4 ring of protection
 l - a ring of protection from cold (left hand)
 B - a +4 ring of protection (right hand)
Wands
 y - a wand of iceblast (29)
 P - a wand of digging (7)
 R - a wand of flame (12)
 U - a wand of random effects (32)
Scrolls
 i - 2 scrolls of teleportation {unknown}
 j - 10 scrolls of identify {unknown}
 p - a scroll of noise {unknown}
 s - 2 scrolls of amnesia {unknown}
 v - 4 scrolls of blinking {unknown}
 F - a scroll of enchant weapon {unknown}
 G - 3 scrolls of immolation
 J - 6 scrolls of remove curse {unknown}
 S - 3 scrolls of magic mapping {unknown}
Potions
 f - a potion of attraction {unknown}
 g - 4 potions of flight {unknown}
 k - a potion of resistance {unknown}
 m - a potion of degeneration {unknown}
 o - 3 potions of might {unknown}
 r - a potion of heal wounds
 w - a potion of ambrosia {unknown}
 A - a potion of cancellation {unknown}
 C - 2 potions of lignification {unknown}
 E - a potion of haste {unknown}
 I - 3 potions of brilliance {unknown}
 M - 4 potions of curing
 W - a potion of magic {unknown}
 X - a potion of berserk rage {unknown}


   Skills:
 + Level 12.0 Fighting
 + Level 18.1 Axes
 + Level 1.4(12.3) Polearms
 + Level 10.8 Armour
 + Level 4.3 Dodging
 + Level 2.0 Stealth
 + Level 7.0 Shields


You had 11 spell levels left.
You didn't know any spells.
Your spell library contained the following spells:

 Spells                   Type           Power        Failure   Level
 Corona                   Hex            0%           99%         1
 Summon Small Mammal      Summ           0%           99%         1
 Call Imp                 Summ           0%           100%        2
 Ensorcelled Hibernation  Hex/Ice        0%           100%        2
 Call Canine Familiar     Summ           0%           100%        3
 Confusing Touch          Hex            0%           100%        3
 Dazzling Flash           Conj/Hex       0%           100%        3
 Summon Guardian Golem    Hex/Summ       0%           100%        3
 Tukima's Dance           Hex            0%           100%        3
 Summon Ice Beast         Ice/Summ       0%           100%        4
 Summon Lightning Spire   Summ/Air       0%           100%        4


Dungeon Overview and Level Annotations

Branches:
Dungeon (12/15)            Temple (1/1) D:7            Lair (3/6) D:11
    Orc (0/2) D:12        Gauntlet (1/1)
  Swamp: Lair:2-4    Shoals: Lair:2-4     Snake: Lair:2-4    Spider: Lair:2-4

Altars:
Ashenzari
Cheibriados
Dithmenos
Elyvilon
Fedhas
Gozag
Hepliaklqana
Kikubaaqudgha
Makhleb
Nemelex Xobeh
Okawaru
Qazlal
Ru
Sif Muna
Trog
Uskayaw
Vehumet
Wu Jian
Xom
Yredelemnul
Zin
The Shining One

Annotations:
D:7 hatch behind water
D:10 centaur island behind water, 3 exclusions Gauntlet 13 transporters, exclusion: orange crystal statue


Innate Abilities, Weirdness & Mutations

You reflexively headbutt those who attack you in melee.
You have a pair of horns on your head.


Message History

The alligator snapping turtle is heavily wounded.
You are no longer berserk.
Trog's vigour flows through your veins.
You are exhausted.
You feel yourself slow down.
The alligator snapping turtle changes into a fenstrider witch!
You slice the fenstrider witch!!
The fenstrider witch is severely wounded.
The fenstrider witch changes into an alligator snapping turtle!
Unknown command.
You slice the alligator snapping turtle!!
Your headbutt misses the alligator snapping turtle.
The alligator snapping turtle is severely wounded.
The alligator snapping turtle completely misses you.
Unknown command.
You slash the alligator snapping turtle!
The alligator snapping turtle is severely wounded.
The shadow imp shouts, "Scamper hence, thou wayward clapper-clawed puttock!"
The alligator snapping turtle bites you!!
You die...

###§....#############.######
#8#.....#©...........©......
###.########################
#.##.......##.#.........#.
###.#.#.....#.#.#..##.##..#.
#8#.#..#...#..#.#.#.^#^.#.#.
###.#...#©#...#.#5#.©#..#.#.
#.#....#t...#.#5^#####^.#.
###.#...#.#@..#.#2#..#..#.#.
#8#.#..#...#..#.#^#..#^.#.#.
###.#.#.....#.#.#..##.##..#.
#.##.![©$..##.#...:©[?..#.
###.###########.###########.
#8#.........................
###≈........................
##########################
#8# #8# #8# #8# #8# #8# #


You could see an alligator snapping turtle shaped shifter, a reaper and 2 shadow
imps.

Vanquished Creatures
  A spark wasp (shapeshifter) (Gauntlet)
  A great orb of eyes (shapeshifter) (Gauntlet)
  A boulder beetle (D:8)
  A hydra (Lair:3)
  4 two-headed ogres
  A death yak (D:11)
  A fire crab (Gauntlet)
  2 unseen horrors
  Pikel (D:6)
  A cyclops (D:12)
  A faun (shapeshifter) (Gauntlet)
  An elephant (D:11)
  An ugly thing (D:11)
  A gargoyle (D:11)
  2 cane toads (Lair:1)
  A kobold demonologist (D:11)
  Maggie (D:6)
  6 trolls
  A raiju (Gauntlet)
  A hornet (D:12)
  Grinder (D:3)
  Sigmund (D:2)
  2 shadows
  4 fire bats (Gauntlet)
  2 wyverns
  2 wraiths
  2 basilisks
  23 yaks
  2 steam dragons
  Menkaure (D:6)
  Edmund (D:5)
  A soldier ant (D:12)
  2 water moccasins (Lair:1)
  A black bear (D:11)
  6 ice beasts
  6 orc warriors
  An eye of draining (D:11)
  6 ogres
  A necrophage (D:7)
  4 phantoms (D:6)
  6 wolves (Lair:1)
  3 centaurs
  4 lemures (D:6)
  3 bullfrogs
  2 gnoll sergeants (D:7)
  3 big kobolds
  6 scorpions
  A troll zombie (D:12)
  A water moccasin skeleton (D:8)
  19 killer bees
  9 wights
  4 howler monkeys
  A bullfrog zombie (D:5)
  4 centaur zombies
  A quasit (D:5)
  2 jellies
  14 orc priests
  A bullfrog skeleton (D:11)
  3 hounds
  4 iguanas
  9 orc wizards
  Ijyb (D:3)
  11 worker ants
  Terence (D:2)
  7 ogre zombies (D:12)
  A hound skeleton (D:5)
  Robin (D:2)
  8 adders
  28 gnolls
  2 shadow imps
  3 white imps
  An ooze (D:7)
  2 ufetubi
  An adder skeleton (D:4)
  3 worms
  The ghost of ragingrage the Sneak, a weakling GrDe (D:5)
  A dart slug (D:2)
  9 leopard geckos
  49 orcs
  6 giant cockroaches
  18 goblins
  7 hobgoblins
  16 jackals
  3 quokkas
  A ball python (D:3)
  10 bats
  7 frilled lizards
  2 goblin skeletons (D:12)
  2 goblin zombies (D:12)
  2 hobgoblin skeletons (D:12)
  5 hobgoblin zombies (D:12)
  A jackal skeleton (D:5)
  25 kobolds
  A leopard gecko zombie (D:5)
  2 orc skeletons (D:12)
  12 orc zombies (D:12)
  8 rats
457 creatures vanquished.

Vanquished Creatures (others)
  2 demonic plants (Gauntlet)
  A fungus (D:11)
  A plant (D:11)
4 creatures vanquished.

Grand Total: 461 creatures vanquished

Notes
Turn   | Place    | Note
-------+----------+-------------------------------------------
     0 | D:1      | snetch the Minotaur Berserker began the quest for the Orb.
     0 | D:1      | Reached XP level 1. HP: 19/19 MP: 0/0
   156 | D:1      | Reached skill level 4 in Axes
   185 | D:1      | Reached XP level 2. HP: 21/27 MP: 1/1
   471 | D:2      | Noticed Robin
   483 | D:2      | Killed Robin
   483 | D:2      | Reached ** piety under Trog
   484 | D:2      | Reached XP level 3. HP: 33/33 MP: 2/2
   911 | D:1      | Reached XP level 4. HP: 41/41 MP: 3/3
  1068 | D:1      | Reached skill level 5 in Axes
  1413 | D:3      | Noticed Grinder
  1435 | D:3      | Killed Grinder
  1436 | D:3      | Reached skill level 6 in Axes
  1436 | D:3      | Reached XP level 5. HP: 37/47 MP: 4/4
  1436 | D:3      | Reached XP level 6. HP: 43/55 MP: 5/5
  1493 | D:2      | Noticed Terence
  1510 | D:2      | Killed Terence
  1580 | D:2      | Noticed Sigmund
  1601 | D:2      | Killed Sigmund
  1602 | D:2      | Reached skill level 5 in Fighting
  1602 | D:2      | Reached skill level 7 in Axes
  2071 | D:2      | Reached XP level 7. HP: 50/61 MP: 6/6
  2565 | D:3      | Noticed Ijyb
  2577 | D:3      | Killed Ijyb
  2597 | D:3      | Reached *** piety under Trog
  2782 | D:3      | Found a shadowy altar of Dithmenos.
  3282 | D:5      | Entered Level 5 of the Dungeon
  3292 | D:5      | Reached skill level 8 in Axes
  3298 | D:5      | Reached skill level 1 in Shields
  3670 | D:4      | Found a blossoming altar of Fedhas.
  3945 | D:4      | Found an iron altar of Okawaru.
  4098 | D:5      | Noticed Edmund
  4110 | D:5      | Killed Edmund
  4111 | D:5      | Reached skill level 9 in Axes
  4111 | D:5      | Reached XP level 8. HP: 50/70 MP: 7/7
  4140 | D:7      | Found a sparkling altar of Nemelex Xobeh.
  4144 | D:7      | Reached skill level 5 in Armour
  4278 | D:5      | Reached **** piety under Trog
  4525 | D:5      | Found a runed translucent door.
  4526 | D:5      | Noticed ragingrage's ghost (weakling GrDe)
  4537 | D:5      | Reached skill level 10 in Axes
  4538 | D:5      | Killed ragingrage's ghost
  4547 | D:5      | Got an encrusted hand axe
  4548 | D:5      | Identified the +5 hand axe "Urugetesu" {protect, +Rage}
                  | (You found it on level 5 of the Dungeon)
  5069 | D:5      | Found a hide-covered altar of Uskayaw.
  5080 | D:5      | Found an ornate altar of the Wu Jian Council.
  5389 | D:6      | Noticed Maggie
  5415 | D:6      | Killed Maggie
  5416 | D:6      | Reached XP level 9. HP: 59/79 MP: 8/8
  5525 | D:6      | Noticed Pikel
  5538 | D:6      | Killed Pikel
  5539 | D:6      | Reached skill level 11 in Axes
  5713 | D:6      | Found a basalt altar of Yredelemnul.
  5714 | D:6      | Found a transporter.
  5717 | D:6      | Noticed Menkaure
  5766 | D:6      | Found a transporter.
  5808 | D:6      | Found an ancient bone altar of Kikubaaqudgha.
  6097 | D:6      | Killed Menkaure
  6129 | D:6      | Got an ivory spear
  6209 | D:7      | Reached skill level 12 in Axes
  6423 | D:7      | Reached ***** piety under Trog
  6696 | D:7      | Found a staircase to the Ecumenical Temple.
  6702 | Temple   | Entered the Ecumenical Temple
  6941 | D:7      | Found a shimmering blue altar of Sif Muna.
  7096 | D:7      | Reached XP level 10. HP: 88/88 MP: 9/9
  7300 | D:8      | Found a glowing golden altar of the Shining One.
  7367 | D:8      | Reached skill level 1 in Polearms
  7459 | D:8      | Noticed a boulder beetle
  7480 | D:8      | Killed a boulder beetle
  7481 | D:8      | Reached skill level 13 in Axes
  8278 | D:8      | Found a radiant altar of Vehumet.
  8281 | D:8      | Found a glowing silver altar of Zin.
  8284 | D:8      | Found a stormy altar of Qazlal.
  8627 | D:8      | Reached skill level 1 in Stealth
  8788 | D:9      | Reached skill level 14 in Axes
  8899 | D:9      | Found a broken altar of Ashenzari.
  8902 | D:9      | Noticed a two-headed ogre
  8927 | D:9      | Killed a two-headed ogre
  8930 | D:9      | Reached XP level 11. HP: 93/97 MP: 10/10
  8986 | D:10     | Entered Level 10 of the Dungeon
  9417 | D:9      | Reached skill level 5 in Shields
  9489 | D:10     | Noticed a two-headed ogre
  9493 | D:10     | Killed a two-headed ogre
  9494 | D:10     | Reached skill level 15 in Axes
  9495 | D:10     | Noticed a two-headed ogre
  9502 | D:10     | Killed a two-headed ogre
  9509 | D:10     | Noticed a two-headed ogre
  9516 | D:10     | Killed a two-headed ogre
  9517 | D:10     | Reached skill level 10 in Fighting
  9747 | D:11     | Noticed a white ugly thing
  9757 | D:11     | Killed a white ugly thing
 10016 | D:10     | Received a gift from Trog
 10029 | D:10     | Got a twisted battleaxe {god gift}
 10038 | D:10     | Identified the +1 battleaxe "Fothricvalo" {flame, Dex+3}
                  | (Trog gifted it to you on level 10 of the Dungeon)
 10331 | D:10     | Reached ****** piety under Trog
 10422 | D:10     | Killed an unseen horror
 10423 | D:10     | Reached skill level 16 in Axes
 10773 | D:11     | Found a staircase to the Lair.
 10773 | D:11     | Noticed a death yak
 10800 | D:11     | Killed a death yak
 10818 | D:11     | Reached XP level 12. HP: 83/108 MP: 1/11
 11207 | D:12     | Reached skill level 10 in Armour
 11259 | D:11     | Received a gift from Trog
 11877 | D:12     | Paralysed by a hornet for 3 turns
 11883 | D:12     | Reached skill level 17 in Axes
 11883 | D:12     | Paralysed by a hornet for 1 turns
 11898 | D:12     | Found a staircase to the Orcish Mines.
 12231 | Lair:1   | Entered Level 1 of the Lair of Beasts
 12479 | Lair:3   | Found a gate leading to a gauntlet.
 12485 | Lair:3   | Noticed an eight-headed hydra
 12495 | Lair:3   | Killed a five-headed hydra
 12532 | Gauntlet | Entered a Gauntlet
 12532 | Gauntlet | Found a transporter.
 12633 | Gauntlet | Found a transporter.
 12641 | Gauntlet | Found a transporter.
 12643 | Gauntlet | Found a transporter.
 12645 | Gauntlet | Found a transporter.
 12676 | Gauntlet | Found a transporter.
 12681 | Gauntlet | Found a transporter.
 12685 | Gauntlet | Noticed a dire elephant
 12696 | Gauntlet | Found a transporter.
 12715 | Gauntlet | Found a transporter.
 12727 | Gauntlet | Found a transporter.
 12728 | Gauntlet | Noticed a ghost crab
 12739 | Gauntlet | Found a transporter.
 12745 | Gauntlet | Found a transporter.
 12760 | Gauntlet | Found a transporter.
 12766 | Gauntlet | Found a transporter.
 12774 | Gauntlet | Noticed a reaper
 12781 | Gauntlet | Found a transporter.
 12782 | Gauntlet | Noticed an ice dragon
 12787 | Gauntlet | Found a transporter.
 12826 | Gauntlet | Found a transporter.
 12853 | Gauntlet | Found a transporter.
 12996 | Gauntlet | Noticed an anaconda
 13016 | Gauntlet | Noticed a two-headed ogre
 13016 | Gauntlet | a mana viper changed into a two-headed ogre
 13017 | Gauntlet | an anaconda changed into a sea snake
 13022 | Gauntlet | Noticed a four-headed hydra
 13022 | Gauntlet | a tyrant leech changed into a four-headed hydra
 13030 | Gauntlet | Noticed a queen ant
 13030 | Gauntlet | a swamp worm changed into a queen ant
 13032 | Gauntlet | Noticed a two-headed ogre
 13032 | Gauntlet | a troll changed into a two-headed ogre
 13119 | Gauntlet | Got a pair of fine boots
 13163 | Gauntlet | Noticed a queen ant
 13164 | Gauntlet | Noticed a great orb of eyes
 13172 | Gauntlet | Noticed a bunyip
 13174 | Gauntlet | Noticed a satyr
 13174 | Gauntlet | a bunyip changed into a satyr
 13183 | Gauntlet | a satyr changed into a goliath frog
 13186 | Gauntlet | Noticed a catoblepas
 13186 | Gauntlet | a queen ant changed into a catoblepas
 13187 | Gauntlet | Noticed a fire dragon
 13187 | Gauntlet | a goliath frog changed into a fire dragon
 13190 | Gauntlet | Noticed a queen ant
 13190 | Gauntlet | a fire dragon changed into a queen ant
 13191 | Gauntlet | Noticed a minotaur
 13191 | Gauntlet | a queen ant changed into a minotaur
 13192 | Gauntlet | Noticed an ice dragon
 13192 | Gauntlet | a minotaur changed into an ice dragon
 13194 | Gauntlet | Noticed a satyr
 13194 | Gauntlet | an ice dragon changed into a satyr
 13199 | Gauntlet | a satyr changed into something unseen
 13200 | Gauntlet | Noticed a fire dragon
 13200 | Gauntlet | a great orb of eyes changed into a fire dragon
 13211 | Gauntlet | Noticed a fenstrider witch
 13213 | Gauntlet | Noticed an azure jelly
 13213 | Gauntlet | a fenstrider witch changed into an azure jelly
 13215 | Gauntlet | Noticed a quicksilver dragon
 13215 | Gauntlet | an azure jelly changed into a quicksilver dragon
 13219 | Gauntlet | a fire dragon changed into a wolf spider
 13239 | Gauntlet | Noticed an eleionoma
 13240 | Gauntlet | Noticed an alligator
 13240 | Gauntlet | Noticed an anaconda
 13240 | Gauntlet | an alligator changed into an anaconda
 13243 | Gauntlet | Noticed a spark wasp
 13243 | Gauntlet | a wolf spider changed into a spark wasp
 13244 | Gauntlet | Noticed a stone giant
 13244 | Gauntlet | an eleionoma changed into a stone giant
 13248 | Gauntlet | Noticed a great orb of eyes
 13248 | Gauntlet | an anaconda changed into a great orb of eyes
 13250 | Gauntlet | Noticed a sphinx
 13250 | Gauntlet | a stone giant changed into a sphinx
 13254 | Gauntlet | a sphinx changed into an iron troll
 13261 | Gauntlet | Noticed an azure jelly
 13261 | Gauntlet | an iron troll changed into an azure jelly
 13265 | Gauntlet | Killed a spark wasp
 13266 | Gauntlet | Reached skill level 18 in Axes
 13266 | Gauntlet | Killed a great orb of eyes
 13266 | Gauntlet | Noticed an alligator snapping turtle
 13266 | Gauntlet | an azure jelly changed into an alligator snapping turtle
 13272 | Gauntlet | Noticed a fenstrider witch
 13272 | Gauntlet | an alligator snapping turtle changed into a fenstrider
                  | witch
 13273 | Gauntlet | Noticed an alligator snapping turtle
 13273 | Gauntlet | a fenstrider witch changed into an alligator snapping
                  | turtle
 13275 | Gauntlet | Slain by an alligator snapping turtle (glowing
                  | shapeshifter)

Illustrated notes

Levels and vault maps discovered:
D:1:      lightli_arrival_statue_moat, layout_basic, grunt_decor_mini_mirrors,
          minmay_tromino_v2
D:2:      layout_basic, uniq_sigmund, uniq_robin, uniq_terence
D:3:      layout_basic, nicolae_dithmenos_shadow_blocks, uniq_ijyb, uniq_grinder
D:4:      layout_basic, lemuel_crystal_altar, okawaru_gym_becter
D:5:      layout_layer_cave, minitemple, ebering_ghost_inner_flame, uniq_edmund
D:6:      layout_loops_ring, gammafunk_temple_of_torment, uniq_pikel,
          uniq_maggie
D:7:      layout_basic, led_sif_book, nemelex_xobeh_ov_fountains_minmay,
          temple_green, kennysheep_decorative_pillar, grunt_decor_clamped
D:8:      layout_loops_ring, tso_metal_star, grunt_temple_overflow_diamond
D:9:      layout_long_grid, nicolae_ashenzari_panopticon
D:10:     layout_gridville, centaur_isle
D:11:     layout_loops_ring, david_lair_generic
D:12:     layout_irregular_city, zombieorc2_lemuel
Temple:   grunt_temple_mini_profane
Lair:1:   layout_regular_city, minivault_25
Lair:2:   layout_hall_layers, nicolae_spider_entry_tight_spaces
Lair:3:   layout_chaotic_city, shoals_dummy_entry, gauntlet_entry_generic,
          grunt_megastairs_3
Gauntlet: gammafunk_gauntlet_one_two_three [nicolae_gauntlet_arena_t_cross,
          gammafunk_gauntlet_arena_grid, gammafunk_gauntlet_arena_split_x,
          gammafunk_gauntlet_arena_open, gammafunk_gauntlet_arena_mazey,
          gammafunk_gauntlet_arena_chambers,
          gammafunk_gauntlet_arena_split_diamond,
          nicolae_gauntlet_arena_quarters, nicolae_gauntlet_arena_x,
          gauntlet_exit_green]

Skill      XL: |  1  2  3  4  5  6  7  8  9 10 11 12 |
---------------+-------------------------------------+-----
Axes           | 4 6 7 9 10 12 14 16 18 | 18.1
Fighting       | 4 5 6 7 8 9 10 12 | 12.0
Armour         | 3 4 6 7 8 9 10 | 10.8
Dodging        | 3 4 |  4.3
Shields        | 1 2 3 4 6 7 |  7.0
Polearms       | 1 |  1.4
Stealth        | 1 2 |  2.0

Action                   |  1- 3 |  4- 6 |  7- 9 | 10-12 || total
-------------------------+-------+-------+-------+-------++-------
Melee: Hand axe          |    86 |    90 |   133 |       ||   309
       Headbutt          |     6 |    15 |    58 |    94 ||   173
       War axe           |       |       |    70 |       ||    70
       Broad axe         |       |       |    77 |   384 ||   461
       Spear             |       |       |    16 |       ||    16
       Executioner's axe |       |       |       |   111 ||   111
Invok: Berserk           |     1 |     1 |     2 |     2 ||     6
       Trog's Hand       |       |     3 |     2 |     5 ||    10
       Brothers in Arms  |       |       |       |     1 ||     1
Armor: Animal skin       |     1 |       |       |       ||     1
       Ring mail         |    38 |       |       |       ||    38
       Chain mail        |       |    38 |   146 |     9 ||   193
       Plate armour      |       |       |       |   353 ||   353
Dodge: Dodged            |    77 |    37 |   124 |   199 ||   437
Block: Buckler           |       |       |    42 |    29 ||    71
       Kite shield       |       |       |       |   143 ||   143
